AoeStats
← 肥肠拌面

Arena

510265112Analyzed
4v4 RM · 2d ago on Sep 30, 2026· 41m 15s· 8 players
Game mode
Random Map
Map size
Large (8 player)
Population
200
Speed
Normal
Resources
Standard
Victory
Conquest
Starting age
Dark Age
Ending age
Imperial Age
RankedLock teamsTeams togetherTeam positionsShared explorationLock speedFull tech treeHidden civsTurbo modeCheats
Victory
Defeat
🇳🇴 Slavs · Norway
1092
+12
🇪🇸 Teutons · Spain
1074
+13
🇨🇳 Spanish · China
1063
+13
🇮🇳 Italians · India
959
+18
🇪🇸 Bohemians · Spain
1024
-15
🇹🇼 Spanish · Taiwan
1006
-14
🇳🇿 Ethiopians · New Zealand
1002
-14
🇨🇳 Franks · China
983
-13
MaxC
4:22 Loom
10:45 Feudal Age
15:41 Castle Age
13:32 Horse Collar
14:27 Stone Mining
15:22 Double-Bit Axe
16:43 Bow Saw
17:13 Gold Mining
17:57 Heavy Plow
19:16 Wheelbarrow
23:09 Bloodlines
23:33 Husbandry
28:32 Imperial Age
27:24 Hand Cart
28:22 Stone Shaft Mining
28:20 Padded Archer Armor
28:11 Fletching
29:17 Leather Archer Armor
29:09 Scale Barding Armor
29:15 Forging
29:50 Conscription
29:35 Bodkin Arrow
29:38 Light Cavalry
31:03 Ring Archer Armor
31:40 Two-Man Saw
31:45 Cavalier
33:05 Chain Barding Armor
33:02 Bracer
34:24 Iron Casting
33:17 Paladin
34:18 Pikeman
肥肠拌面
11:03 Feudal Age
14:39 Castle Age
12:58 Double-Bit Axe
16:03 Bow Saw
23:24 Wheelbarrow
25:00 Hand Cart
28:34 Imperial Age
26:54 Loom
26:54 Town Watch
27:17 Scale Barding Armor
27:04 Gold Mining
27:05 Stone Mining
28:24 Chain Barding Armor
28:14 Forging
29:34 Iron Casting
29:20 Chivalry
29:38 Husbandry
29:08 Cavalier
30:45 Plate Barding Armor
30:48 Gold Shaft Mining
30:49 Conscription
30:42 Town Patrol
30:34 Paladin
32:22 Coinage
33:44 Blast Furnace
Badcopa
7:54 Loom
10:52 Feudal Age
12:37 Double-Bit Axe
15:04 Castle Age
13:13 Horse Collar
20:43 Bow Saw
22:44 Wheelbarrow
22:21 Heavy Plow
25:35 Fletching
26:19 Gold Mining
26:19 Stone Mining
26:28 Bodkin Arrow
26:33 Padded Archer Armor
26:20 Crossbowman
29:54 Ballistics
32:31 Imperial Age
31:16 Hand Cart
31:23 Masonry
32:43 Leather Archer Armor
32:49 Arbalester
34:26 Bracer
39:52 Scale Mail Armor
40:14 Forging
Ubric21
11:19 Feudal Age
15:17 Castle Age
13:19 Horse Collar
14:22 Double-Bit Axe
16:22 Heavy Plow
20:59 Bow Saw
21:56 Wheelbarrow
23:38 Fervor
23:51 Hand Cart
25:21 Scale Mail Armor
25:32 Forging
29:50 Imperial Age
27:10 Loom
27:17 Town Watch
28:01 Masonry
28:15 Ballistics
27:53 Pikeman
28:33 Squires
28:55 Chain Mail Armor
29:16 Iron Casting
28:31 Fletching
30:13 Halberdier
31:34 Plate Mail Armor
32:04 Blast Furnace
32:20 Chemistry
31:31 Masonry
31:28 Siege Engineers
32:11 Sanctity
32:38 Fortified Wall
32:23 Murder Holes
32:37 Bodkin Arrow
35:32 Conscription
我怕你审判长?
10:33 Feudal Age
14:50 Castle Age
13:14 Double-Bit Axe
13:11 Horse Collar
23:07 Gold Mining
24:16 Wheelbarrow
28:45 Imperial Age
26:26 Scale Barding Armor
27:01 Forging
27:30 Chain Barding Armor
28:36 Stone Mining
29:02 Bloodlines
28:52 Husbandry
29:08 Cavalier
30:29 Bow Saw
30:24 Heavy Plow
31:11 Conscription
31:44 Plate Barding Armor
31:44 Iron Casting
31:18 Paladin
32:47 Herbal Medicine
32:43 Fletching
34:14 Stone Shaft Mining
33:46 Town Watch
34:18 Hand Cart
33:51 Loom
35:29 Blast Furnace
34:25 Bodkin Arrow
35:11 Town Patrol
37:41 Two-Man Saw
39:32 Scale Mail Armor
39:33 Bracer
39:45 Pikeman
40:26 Squires
40:43 Chain Mail Armor
40:17 Halberdier
Avalon
9:13 Feudal Age
9:40 Double-Bit Axe
9:35 Horse Collar
10:56 Loom
14:55 Castle Age
23:39 Wheelbarrow
24:08 Bow Saw
24:05 Heavy Plow
25:09 Town Watch
25:43 Hand Cart
25:41 Fletching
26:54 Stone Mining
26:54 Gold Mining
27:01 Gold Mining
28:22 Ballistics
27:59 Bodkin Arrow
30:46 Imperial Age
30:05 Padded Archer Armor
30:57 Thumb Ring
31:35 Leather Archer Armor
32:34 Chemistry
32:52 Conscription
35:56 Bracer
38:25 Ring Archer Armor
BrightBlond
11:00 Feudal Age
12:31 Wheelbarrow
15:12 Castle Age
13:22 Double-Bit Axe
14:08 Horse Collar
17:16 Horse Collar
17:57 Bow Saw
18:52 Heavy Plow
22:38 Hand Cart
22:59 Stone Mining
23:07 Gold Mining
23:56 Loom
23:57 Town Watch
25:36 Scale Barding Armor
25:42 Forging
27:09 Chain Barding Armor
30:05 Imperial Age
27:57 Masonry
28:28 Iron Casting
28:45 Town Patrol
29:25 Detinets
29:48 Husbandry
30:00 Bloodlines
30:28 Gold Shaft Mining
30:16 Elite Boyar
31:09 Siege Engineers
31:52 Plate Barding Armor
31:32 Capped Ram
32:38 Conscription
33:46 Blast Furnace
32:37 Fletching
37:02 Crop Rotation
37:45 Two-Man Saw
36:24 Siege Ram
38:24 Bodkin Arrow
39:50 Padded Archer Armor
39:51 Scale Mail Armor
40:54 Chemistry
39:50 Murder Holes
40:05 Fortified Wall
39:55 Murder Holes
41:00 Chemistry
40:59 Pikeman
41:03 Cavalier
42:25 Hoardings
42:23 Coinage
churre13
11:30 Feudal Age
11:55 Horse Collar
17:26 Castle Age
17:16 Wheelbarrow
17:34 Bloodlines
17:19 Double-Bit Axe
29:00 Imperial Age
26:34 Gold Mining
27:01 Heavy Plow
27:17 Bow Saw
27:48 Scale Barding Armor
29:23 Chain Barding Armor
29:08 Cavalier
32:09 Conscription
33:02 Plate Barding Armor
32:37 Forging
35:18 Paladin
40:18 Town Watch
40:50 Hand Cart
41:44 Iron Casting
Connection lost

Rejoining the realm…

Still unreachable

The connection could not be restored.

Session expired

The server has moved on; the page needs a fresh start.